 Dungeon Crawl Stone Soup version 0.27.1-3-gb3d3a73c9e (webtiles) character file.

Game seed: 6604356161650106151

155 Atelerd the Sneak (level 5, 0/31 HPs)
             Began as an Octopode Fire Elementalist on Oct 10, 2021.
             Slain by a gnoll (4 damage)
             ... on level 3 of the Dungeon.
             The game lasted 00:03:55 (3445 turns).

Atelerd the Sneak (Octopode Fire Elementalist)      Turns: 3445, Time: 00:03:56

Health: 0/31       AC:  1    Str:  8    XL:     5   Next: 37%
Magic:  6/9        EV: 13    Int: 18    God:
Gold:   58         SH:  0    Dex: 12    Spells: 8/9 levels left

rFire    . . .     SeeInvis .   e - +0 short sword
rCold    . . .     Faith    .   (no shield)
rNeg     . . .     Spirit   .   (helmet restricted)
rPois    .         Reflect  .   (no amulet)
rElec    .         Harm     .   (no ring)
rCorr    .         Rampage  .   (no ring)
Will     .....                  (no ring)
Stlth    +++.......             (no ring)
HPRegen  0.10/turn              (no ring)
MPRegen  0.11/turn              (no ring)
                                (no ring)
                                (no ring)

@: no status effects
A: almost no armour, amphibious, 8 rings, camouflage 1, gelatinous body 1,
(nimble swimmer 1), tentacles
a: no special abilities


You were on level 3 of the Dungeon.
You visited 1 branch of the dungeon, and saw 3 of its levels.

You collected 58 gold pieces.

Inventory:

Hand Weapons
 e - a +0 short sword (weapon)
Jewellery
 i - a ring of flight
Wands
 f - a wand of mindburst (10)
Scrolls
 a - a scroll of amnesia {unknown}
 c - a scroll of teleportation {unknown}
 d - a scroll of identify {unknown}
 g - a scroll of holy word {unknown}
 h - a scroll of acquirement {unknown}
Potions
 b - a potion of curing {unknown}
 j - a potion of flight {unknown}
 k - a potion of cancellation {unknown}
 l - a potion of might {unknown}


   Skills:
 + Level 2.1 Dodging
 + Level 4.3 Stealth
 + Level 2.9 Spellcasting
 * Level 2.5 Conjurations
 * Level 3.9 Fire Magic


You had 8 spell levels left.
You knew the following spells:

 Your Spells              Type           Power      Damage    Failure   Level
a - Foxfire               Conj/Fire      56%        2x1d6     4%          1

Your spell library contained the following spells:

 Spells                   Type           Power      Damage    Failure   Level
 Conjure Flame            Conj/Fire      14%        6-21      13%         3
 Inner Flame              Hex/Fire       9%         N/A       22%         3
 Sticky Flame             Conj/Fire      14%        2d4       38%         4
 Fireball                 Conj/Fire      7%         3d5       75%         5


Dungeon Overview and Level Annotations

Branches:
Dungeon (3/15)

Altars:

Annotations:
D:2 exclusion: downstairs


Innate Abilities, Weirdness & Mutations

You cannot wear most types of armour.
You are amphibious.
You can wear up to eight rings at the same time.
Your skin changes colour to match your surroundings (Stealth+).
Your rubbery body absorbs attacks. (AC +1, EV +1)
((You are camouflaged near water. (Stealth+)))
You have tentacles for arms and can constrict up to eight enemies at once.


Message History

Your foxfire dissipates! x2
Found a stone staircase leading down.
You now have 58 gold pieces (gained 11).
Items here: ))) [[ ††.
Things that are here:
a +0 dagger; a +0 ring mail
Things that are here:
a +0 dagger; a +0 ring mail; an orc corpse
Found a golden potion.
l - a golden potion The gnoll shouts!
A gnoll is nearby!
A gnoll is nearby!
You conjure some foxfire!
The gnoll hits you from afar with a +0 spear.
You conjure some foxfire!
The foxfire hits the gnoll.
The gnoll completely resists.
The foxfire hits the gnoll.
The gnoll resists.
The gnoll is lightly wounded.
The gnoll hits you from afar with a +0 spear.
You conjure some foxfire!
The foxfire hits the gnoll.
The gnoll resists.
The gnoll is moderately wounded.
The gnoll hits you from afar with a +0 spear!
You are too injured to fight recklessly!
You are too injured to fight recklessly!
Unknown command.
The foxfire hits the gnoll.
The gnoll resists.
The gnoll is heavily wounded.
The foxfire hits the gnoll.
The gnoll resists.
The gnoll is heavily wounded.
The gnoll hits you from afar with a +0 spear!
* * * LOW HITPOINT WARNING * * *
Unknown command.
Your foxfire dissipates!
You are too injured to fight recklessly!
You are too injured to fight recklessly!
Casting: Foxfire (safe; 4% risk of failure)
Confirm with . or Enter, or press ? or * to list all spells.
You conjure some foxfire!
The gnoll hits you from afar with a +0 spear.
You die...

#... # #..##. #.
#..#.. .#####..#.# #
....>..#.#
########..##..#.##
......##.###.....#
#####.)..)...##..# .
###
##...))#####....@###
###.. #... #..#####
#.##.vv.####........##
..## #..#...g.....#
...## ..#
##.#.........###.#....
..#
#....###.##......##.^
..# #...##
#.####........ ..#
#..## #..........#..
### ....# ######.....#
##### ##.. .....#


You could see a gnoll (ally target).

Vanquished Creatures
  An orc priest (D:3)
  Jessica (D:2)
  3 gnolls (D:3)
  2 adders (D:2)
  2 worms (D:2)
  7 orcs (D:3)
  2 ball pythons
  5 endoplasms
  2 giant cockroaches
  A goblin (D:1)
  2 hobgoblins
  5 kobolds
  A quokka (D:1)
  4 bats
  4 frilled lizards
  2 rats (D:2)
44 creatures vanquished.

Vanquished Creatures (others)
  182 foxfires
182 creatures vanquished.

Grand Total: 226 creatures vanquished

Notes
Turn   | Place    | Note
-------+----------+-------------------------------------------
     0 | D:1      | Atelerd the Octopode Fire Elementalist began the quest for
                  | the Orb.
     0 | D:1      | Reached XP level 1. HP: 11/11 MP: 3/3
   596 | D:1      | Reached skill level 3 in Stealth
   596 | D:1      | Reached XP level 2. HP: 17/17 MP: 0/5
  1491 | D:2      | Found a faded altar of an unknown god.
  1547 | D:2      | Reached XP level 3. HP: 21/21 MP: 3/6
  2134 | D:2      | Noticed Jessica
  2140 | D:2      | Killed Jessica
  2141 | D:2      | Reached XP level 4. HP: 20/27 MP: 2/7
  2782 | D:3      | Reached skill level 4 in Stealth
  3243 | D:3      | Reached XP level 5. HP: 31/31 MP: 3/9
  3445 | D:3      | Slain by a gnoll

Illustrated notes

Levels and vault maps discovered:
D:1:      dpeg_arrival_water_fire, layout_basic
D:2:      layout_loops_ring, ebering_ecumenical_altar_abandoned,
          minmay_misc_feat_x, corexii_hall_statues_l, minmay_stone_trees_large,
          uniq_jessica
D:3:      layout_rooms, grunt_temple_overflow_open

Skill      XL: |  1  2  3  4 |
---------------+-------------+-----
Stealth        | 3 4 |  4.3
Conjurations   | 2 |  2.5
Dodging        | |  2.1
Spellcasting   | |  2.9
Fire Magic     | |  3.9

Action                   |  1- 3 |  4- 6 || total
-------------------------+-------+-------++-------
Melee: Unarmed           |    14 |       ||    14
       Constrict         |     7 |     3 ||    10
       Tentacles         |     4 |     4 ||     8
       Short sword       |     5 |    10 ||    15
 Cast: Foxfire           |    65 |    60 ||   125
 Stab: Sleeping          |     1 |     1 ||     2
Armor: Skin              |     5 |     1 ||     6
Dodge: Dodged            |    17 |    10 ||    27
